 Dungeon Crawl Stone Soup version 0.29-a0-813-g4a14ea37d6 (webtiles) character file.

Game seed: 10962591570553373822

36 blackman the Sneak (level 3, 0/29 HPs)
             Began as a Human Delver on July 4, 2022.
             Succumbed to an adder's poison
             ... on level 6 of the Dungeon.
             The game lasted 00:02:59 (1432 turns).

blackman the Sneak (Human Delver)                   Turns: 1432, Time: 00:03:00

Health: 0/29       AC:  4    Str: 14    XL:     3   Next: 57%
Magic:  3/3        EV: 12    Int: 10    God:
Gold:   60         SH:  0    Dex: 14    Spells: 2/2 levels left

rFire   . . .      SeeInvis .   j - +0 war axe
rCold   . . .      Faith    .   (no shield)
rNeg    . . .      Spirit   .   b - +0 leather armour
rPois   .          Reflect  .   (no helmet)
rElec   .          Harm     .   (no cloak)
rCorr   .          Rampage  .   h - +0 pair of gloves
Will    .....                   (no boots)
Stlth   +++.......              (no amulet)
HPRegen 0.09/turn               (no ring)
MPRegen 0.08/turn               (no ring)

@: brilliant, lethally poisoned (0 -> -5)
A: no striking features
a: no special abilities


You were on level 6 of the Dungeon.
You visited 1 branch of the dungeon, and saw 3 of its levels.

You collected 60 gold pieces.

Inventory:

Hand Weapons
 a - a +0 hand axe
 j - a +0 war axe (weapon)
Armour
 b - a +0 leather armour (worn)
 h - a +0 pair of gloves (worn)
 i - a +0 plate armour
Wands
 g - a wand of digging (3)
 k - a wand of charming (1)
Scrolls
 c - a scroll of fog
 d - a scroll of magic mapping
 e - a scroll of fear
 l - a scroll of teleportation {unknown}
 n - 2 scrolls of amnesia {unknown}
Potions
 f - a potion of haste


   Skills:
 - Level 3.0 Fighting
 - Level 2.0 Axes
 - Level 2.0 Dodging
 - Level 5.0 Stealth
 * Level 2.9 Evocations


You had 2 spell levels left.
You didn't know any spells.
Your spell library was empty.

Dungeon Overview and Level Annotations

Branches:
Dungeon (7/15)
 Temple: D:4-7

Altars:


Message History

The adder is lightly wounded.
You feel sick. The adder barely misses you.
The adder bites you but does no damage.
You hit the adder but do no damage.
You feel sick. The adder barely misses you.
You closely miss the adder.
You feel sick.
You are no longer poisoned.
The adder bites you but does no damage. x2
You hit the adder but do no damage. The adder barely misses you.
The adder bites you but does no damage.
You barely miss the adder. The adder bites you. x2
You closely miss the adder. The adder bites you but does no damage.
The adder bites you.
You barely miss the adder. The adder bites you.
You barely miss the adder.
The adder bites you but does no damage. x2
You miss the adder. The adder closely misses you. The adder bites you.
* * * LOW HITPOINT WARNING * * *
You closely miss the adder. The adder barely misses you.
The adder closely misses you.
You barely miss the adder. The adder misses you. The adder closely misses you.
You closely miss the adder. The adder closely misses you.
The adder bites you but does no damage.
You hit the adder.
The adder is heavily wounded.
The adder bites you.
* * * LOW HITPOINT WARNING * * *
You hit the adder.
The adder is almost dead.
The adder barely misses you. The adder bites you but does no damage.
You miss the adder.
The adder is almost dead.
The adder bites you but does no damage. The adder barely misses you.
You barely miss the adder.
The adder is almost dead.
The adder closely misses you. The adder bites you.
* * * LOW HITPOINT WARNING * * *
You are lethally poisoned!
The adder poisons you!
It was a potion of brilliance.
You feel clever all of a sudden.
You die...

......# .#.#### . #<.# #. ...#
. #..# ... #.## ### .##..###..
#.# #.. ........ #.# #.####
##.....## #.## #.##.##
##.......#.#
|..#######^#...####..........#
................@S'...........
...#######.#...####...........
...# #.##.## ##.......### ##.#
#.#### ##.....## ..)# #.#
##.).## #### #.# ##+## # .<. #
... #


You could see an adder.

Vanquished Creatures
  A hound (D:6)
  A white imp (D:5)
2 creatures vanquished.

Notes
Turn   | Place    | Note
-------+----------+-------------------------------------------
     0 | D:5      | blackman the Human Delver began the quest for the Orb.
     0 | D:5      | Reached XP level 1. HP: 18/18 MP: 1/1
    16 | D:5      | Noticed a scorpion
    24 | D:5      | Noticed a hound
    32 | D:5      | Reached skill level 1 in Evocations
    32 | D:5      | Reached XP level 2. HP: 5/24 MP: 2/2
   471 | D:5      | Noticed a steam dragon
   493 | D:6      | Reached XP level 3. HP: 8/29 MP: 3/3
   984 | D:6      | Noticed a scorpion
  1201 | D:6      | Noticed a water moccasin
  1256 | D:7      | Noticed a hornet
  1432 | D:6      | Succumbed to an adder's poison

Illustrated notes

Levels and vault maps discovered:
D:5:      layout_rooms, serial_curves, eino_curves_02, eino_curves_04,
          hangedman_decor_points, hangedman_decor_diamond_cutter, uniq_pikel,
          uniq_ijyb
D:6:      layout_loops_corners
D:7:      layout_loops_cross, kennysheep_slug_shrine, minmay_temple_entry_trees,
          uniq_crazy_yiuf_cottage, uniq_maggie

Skill      XL: |  1  2 |
---------------+-------+-----
Evocations     | 1 2 |  2.9
Fighting       | |  3.0
Axes           | |  2.0
Dodging        | |  2.0
Stealth        | |  5.0

Action                   || total
-------------------------++-------
Melee: Hand axe          ||    10
       War axe           ||    18
  Use: Potion            ||     1
Armor: Leather armour    ||    15
Dodge: Dodged            ||    21

Table legend: (Time is in decaauts)
 A = Elapsed time spent in this place.
 B = Non-inter-level travel time spent in this place.
 C = Inter-level travel time spent in this place.
 D = Time resting spent in this place.
 E = Time spent auto-exploring this place.
 F = Levels seen in this place.
 G = Mean time per level.
                   A        B        C        D        E       F      G
               +--------+--------+--------+--------+--------+-----+--------+
         Total |   1440 |   1363 |     77 |    860 |     94 |   3 |  480.0 |
       Dungeon |   1440 |   1363 |     77 |    860 |     94 |   3 |  480.0 |
               +--------+--------+--------+--------+--------+-----+--------+

Top non-repeatable levels by time:
     D:6: 952 daAuts
     D:5: 486 daAuts
     D:7: 1 daAuts
